 Dungeon Crawl Stone Soup version 0.17-a0-910-ga669010 (console) character file.

461 sose the Conjurer (level 6, -3/41 HPs)
             Began as a Demonspawn Fire Elementalist on May 2, 2015.
             Shot with an arrow by a centaur (9 damage)
             ... on level 5 of the Dungeon.
             The game lasted 00:10:36 (3883 turns).

sose the Conjurer (Demonspawn Fire Elementalist)    Turns: 3883, Time: 00:10:37

Health: -3/41      AC:  4    Str:  9    XL:     6   Next: 79%
Magic:  8/10       EV: 12    Int: 18    God:
Gold:   117        SH:  0    Dex: 13    Spells: 4 memorised, 1 level left

rFire  . . .     SeeInvis +     v - +0 falchion
rCold  . . .     Clarity  +     a - +0 robe
rNeg   . . .     SustAb   .     (no shield)
rPois  .         Gourm    .     h - +0 helmet
rElec  .         Spirit   .     (no cloak)
rCorr  .         Warding  .     (no gloves)
rMut   .         Stasis   .     (no boots)
MR     .....                    w - amulet of clarity
Stlth  ++........               f - +2 ring of slaying
                                H - ring of see invisible

@: not resistant to hostile enchantments, unstealthy
A: hooves 2, icy blue scales 1, rot immunity
a: no special abilities


You were on level 5 of the Dungeon.
You were not hungry.

You visited 1 branch of the dungeon, and saw 5 of its levels.

You collected 161 gold pieces.
You spent 44 gold pieces at shops.

Inventory:

Hand weapons
 g - a +0 dagger
 v - a +0 falchion (weapon)
Armour
 a - a +0 robe (worn)
 h - a +0 helmet (worn)
Jewellery
 f - a +2 ring of slaying (right hand)
 j - an uncursed ring of protection from cold
 r - an uncursed amulet of warding
 u - an uncursed ring of positive energy
 w - an amulet of clarity (around neck)
 H - a ring of see invisible (left hand)
Scrolls
 d - 2 scrolls of amnesia {unknown}
 e - 3 scrolls of fear
 k - a scroll of random uselessness {unknown}
 x - 2 scrolls of magic mapping {unknown}
 y - a scroll of noise {unknown}
 z - a scroll of enchant armour {unknown}
 A - a scroll of immolation {unknown}
 C - a scroll of teleportation {unknown}
 E - 3 scrolls of remove curse
 I - a scroll of enchant weapon {unknown}
 J - a scroll of blinking {unknown}
Potions
 i - a potion of haste
 n - a potion of flight {unknown}
 o - a potion of ambrosia {unknown}
 p - 3 potions of curing
 q - a potion of magic {unknown}
 s - a potion of agility {unknown}
 t - 2 potions of heal wounds
 B - a potion of degeneration {unknown}
 F - a potion of lignification {unknown}
 G - a potion of might {unknown}
Books
 b - a book of Flames

   Spells                             Type                      Level
   a - Flame Tongue                   Conjuration/Fire             1
   b - Throw Flame                    Conjuration/Fire             2
   c - Conjure Flame                  Conjuration/Fire             3
   d - Inner Flame                    Hexes/Fire                   3
   e - Sticky Flame                   Conjuration/Fire             4
   f - Fireball                       Conjuration/Fire             5
Comestibles
 c - 3 bread rations
 l - 5 fruits
 m - 2 beef jerkies
 D - 2 meat rations


   Skills:
 - Level 1.7 Dodging
 - Level 1.7 Stealth
 - Level 3.0 Spellcasting
 + Level 4.9 Conjurations
 + Level 4.8 Fire Magic


You had one spell level left.
You knew the following spells:

 Your Spells              Type           Power        Failure   Level  Hunger
a - Flame Tongue          Conj/Fire      ###..        1%          1    None
b - Throw Flame           Conj/Fire      ###...       3%          2    ##.....
c - Conjure Flame         Conj/Fire      ###.....     10%         3    ###....
d - Sticky Flame          Conj/Fire      ###.....     24%         4    ####...


Dungeon Overview and Level Annotations

Branches:
Dungeon (5/15)
 Temple: D:4-7

Altars:
Fedhas
Gozag
Okawaru
Ru

Shops:
D:4 *


Innate Abilities, Weirdness & Mutations

You have hoof-like feet.
You are partially covered in icy blue scales (AC +1).
You are immune to rotting.


Message History

You continue eating. x2
Magic restored.
I - a scroll labeled YROTZIOSURY A centaur comes into view.
The centaur shouts!
The centaur wields a shortbow.
The centaur shoots an arrow.
The arrow misses you.
The centaur shoots an arrow.
The arrow hits you!
* * * LOW HITPOINT WARNING * * *
You see here an arrow.
You start resting.
Casting: Flame Tongue
Confirm with . or Enter, or press ? or * to list all spells.
Aiming: Throw Flame
Press: ? - help, Shift-Dir - straight line, f - centaur
Aim: a centaur, wielding a shortbow The puff of flame hits the centaur.
The centaur is lightly wounded.
The centaur shoots an arrow.
The arrow hits you!
You die...

. #..##.......)## ..#
...#######..# #... #..##
###..###
#...##...####......####
##....#...##.......)...###
#.........................
##......(..................
##......c.(..........######.
#.........#@..........# ##
....$...####..........# #
......# ##....###... #.
#...c. .....# ##..# #. ###..
#.....# . ... ##. .......
... # ....... # ....


You could see a centaur.

Vanquished Creatures
  A crimson imp (D:5)
  3 orc priests
  3 orc wizards
  A worker ant zombie (D:4)
  2 river rats (D:3)
  12 adders
  An ooze (D:2)
  A worm (D:3)
  An adder skeleton (D:5)
  16 orcs
  3 ball pythons
  A bat skeleton (D:4)
  7 giant cockroaches
  7 goblins
  11 hobgoblins
  A quokka (D:5)
  12 bats
  2 giant geckos (D:1)
  5 kobolds
  9 rats
99 creatures vanquished.

Notes
Turn   | Place    | Note
--------------------------------------------------------------
     0 | D:1      | sose, the Demonspawn Fire Elementalist, began the quest for the Orb.
     0 | D:1      | Reached XP level 1. HP: 13/13 MP: 3/3
   131 | D:1      | Reached skill level 3 in Fire Magic
   267 | D:1      | Gained mutation: You are immune to rotting. [demonic ancestry]
   267 | D:1      | Reached XP level 2. HP: 11/19 MP: 0/5
   400 | D:1      | Learned a level 2 spell: Throw Flame
   528 | D:1      | You fall through a shaft!
   596 | D:2      | Reached XP level 3. HP: 24/24 MP: 6/6
   843 | D:2      | Found a sacrificial altar of Ru.
  1595 | D:3      | Gained mutation: You have large cloven feet. [demonic ancestry]
  1595 | D:3      | Reached XP level 4. HP: 27/30 MP: 4/7
  1874 | D:3      | Gained mutation: You have hoof-like feet. [demonic ancestry]
  1874 | D:3      | Reached XP level 5. HP: 12/35 MP: 3/8
  1994 | D:3      | Learned a level 3 spell: Conjure Flame
  2572 | D:3      | Reached skill level 4 in Conjurations
  2962 | D:4      | Gained mutation: You are partially covered in icy blue scales (AC +1). [demonic ancestry]
  2962 | D:4      | Reached XP level 6. HP: 35/41 MP: 2/10
  3025 | D:4      | Found Hicvua Bezae's General Store.
  3039 | D:4      | Bought a scroll of identify for 22 gold pieces
  3039 | D:4      | Bought a scroll of identify for 22 gold pieces
  3338 | D:4      | Learned a level 4 spell: Sticky Flame
  3377 | D:5      | Entered Level 5 of the Dungeon
  3415 | D:5      | Found an opulent altar of Gozag.
  3717 | D:5      | Found a blossoming altar of Fedhas.
  3720 | D:5      | Found an iron altar of Okawaru.
  3883 | D:5      | Shot with an arrow by a centaur

Action                   |  1- 3 |  4- 6 || total
-------------------------+-------+-------++-------
Melee: Dagger            |    37 |     8 ||    45
       Unarmed           |     2 |       ||     2
       Falchion          |       |    77 ||    77
 Cast: Flame Tongue      |    54 |   126 ||   180
       Throw Flame       |       |     4 ||     4
  Use: Scroll            |     1 |     4 ||     5
 Stab: Sleeping          |     1 |       ||     1
  Eat: Chunk             |     2 |     8 ||    10
       Fruit             |     1 |       ||     1
